 Dungeon Crawl Stone Soup version 0.19.0-17-g07987d3 (webtiles) character file.

157 Ladykiller69 the Shield-Bearer (level 5, 0/42 HPs)
             Began as a Formicid Fighter on Nov 10, 2016.
             Was an Initiate of Cheibriados.
             Slain by Pikel
             ... wielding a +1 whip of electrocution
              (15 damage)
             ... on level 4 of the Dungeon.
             The game lasted 00:08:03 (3197 turns).

Ladykiller69 the Shield-Bearer (Formicid Fighter)   Turns: 3197, Time: 00:08:04

Health: 0/42       AC:  9    Str: 22    XL:     5   Next: 66%
Magic:  5/5        EV:  6    Int:  9    God:    Cheibriados [......]
Gold:   175        SH: 10    Dex: 11    Spells: 0 memorised, 4 levels left

rFire  . . .     SeeInvis +     a - +0 war axe
rCold  . . .     Gourm    .     u - +0 chain mail
rNeg   . . .     Faith    .     c - +0 shield
rPois  .         Spirit   .     (helmet unavailable)
rElec  .         Reflect  .     (no cloak)
rCorr  .         Harm     +     (no gloves)
MR     .....                    (no boots)
Stlth  ..........               i - amulet of harm
                                (no ring)
                                (no ring)

@: very slow
A: permanent stasis, dig shafts and tunnels, four strong arms, antennae 3
a: Dig, Shaft Self, Bend Time, Renounce Religion


You were on level 4 of the Dungeon.
You worshipped Cheibriados.
Cheibriados was noncommittal.
You were not hungry.

You visited 2 branches of the dungeon, and saw 5 of its levels.

You collected 175 gold pieces.

Inventory:

Hand Weapons
 a - a +0 war axe (weapon)
Missiles
 h - 104 stones (quivered)
Armour
 b - a +0 scale mail
 c - a +0 shield (worn)
 u - a +0 chain mail (worn)
 y - a +0 cloak
Jewellery
 i - an amulet of harm (around neck)
 l - an uncursed ring of protection from fire {unknown}
 A - a cursed amulet of inaccuracy {unknown}
Scrolls
 e - 2 scrolls of identify {unknown}
 g - a scroll of recharging {unknown}
 k - a scroll of fog {unknown}
 p - a scroll of teleportation {unknown}
 q - 2 scrolls of noise {unknown}
 r - 4 scrolls of remove curse {unknown}
 t - a scroll of amnesia {unknown}
 x - a scroll of enchant weapon {unknown}
Potions
 d - a potion of might
 j - a potion of heal wounds {unknown}
 m - 4 potions of lignification {unknown}
 n - 2 potions of haste
 o - 2 potions of degeneration {unknown}
 w - a potion of mutation {unknown}
 z - 2 potions of cancellation {unknown}
Comestibles
 f - 2 bread rations
 s - 6 chunks of flesh
 v - a meat ration


   Skills:
 + Level 4.2 Fighting
 * Level 3.4 Axes
 + Level 3.9 Armour
 + Level 4.8 Shields


You had 4 spell levels left.
You didn't know any spells.

Dungeon Overview and Level Annotations

Branches:
Dungeon (4/15)             Temple (1/1) D:4

Altars:
Ashenzari
Cheibriados
Dithmenos
Qazlal
Sif Muna
The Shining One

Annotations:
D:3 1 runed door
D:4 Pikel; skk's ghost, amateur TrSk


Innate Abilities, Weirdness & Mutations

You are under a permanent stasis effect.
You can dig through walls and to a lower floor.
Your four strong arms can wield two-handed weapons with a shield.
You have a pair of large antennae on your head. (SInv)


Message History

You extend your mandibles.
You dig through the rock wall.
You retract your mandibles.
You barely miss Pikel. Pikel waves his whip at you. You block Pikel's attack.
Your shield and chain mail prevent you from hitting Pikel.
Pikel hits you with a whip of electrocution.
You block Pikel's attack.
You slash Pikel!
Pikel is moderately wounded.
Pikel drinks a potion.
Pikel suddenly seems more agile.
You hit Pikel.
Pikel is heavily wounded.
Pikel hits you with a whip of electrocution.
You are electrocuted!
You miss Pikel.
Pikel is heavily wounded.
Pikel hits you with a whip of electrocution.
You are electrocuted!
You die...

......## ###......##
##...## #####......##
##### ##...........###
##..............## ##
#........#.....p.. .###
#.........##{...p. ...#
##........p# #....p ...#
#........pK## #.... ...#
#.........#@# #.......>#
..##
#.........#####........#
..# #.........#
#.........# ..#
#.........# ##........#
..# #........##
#.........# ..#
#.>.....## #........#
..# #.......# #.......#
### ##.....## #......#
### ###..## #.....##


You could see Pikel and 2 slaves.

Vanquished Creatures
  A slave (D:4)
  4 gnolls
  4 adders
  3 worms
  2 dart slugs
  3 leopard geckos
  An orc (D:3)
  4 ball pythons
  9 bats
  3 giant cockroaches
  8 goblins
  5 hobgoblins
  7 jackals
  A quokka (D:2)
  3 frilled lizards
  5 kobolds
  7 rats
70 creatures vanquished.

Notes
Turn   | Place    | Note
-------+----------+-------------------------------------------
     0 | D:1      | Ladykiller69 the Formicid Fighter began the quest for the Orb.
     0 | D:1      | Reached XP level 1. HP: 18/18 MP: 1/1
   194 | D:1      | Reached XP level 2. HP: 24/24 MP: 2/2
   599 | D:1      | Reached XP level 3. HP: 26/30 MP: 3/3
   956 | D:2      | Found a stormy altar of Qazlal.
  1089 | D:2      | Reached XP level 4. HP: 37/37 MP: 4/4
  1379 | D:3      | Found a faded altar of an unknown god.
  1681 | D:3      | Reached XP level 5. HP: 30/42 MP: 5/5
  1796 | D:3      | Found a runed door.
  2376 | D:4      | Found a staircase to the Ecumenical Temple.
  2391 | Temple   | Entered the Ecumenical Temple
  2398 | Temple   | Became a worshipper of Cheibriados the Contemplative
  2477 | D:4      | Noticed skk's ghost (amateur TrSk)
  2622 | D:3      | HP: 2/42 [poisoned by a kobold]
  2630 | D:3      | HP: 1/42 [poisoned by a kobold]
  3062 | D:4      | Noticed a slave
  3081 | D:4      | Killed a slave
  3150 | D:4      | Found a shadowy altar of Dithmenos.
  3185 | D:4      | Noticed Pikel
  3187 | D:4      | Noticed a slave
  3187 | D:4      | Noticed a slave
  3188 | D:4      | Noticed a slave
  3197 | D:4      | Slain by Pikel

Skill      XL: |  1  2  3  4 |
---------------+-------------+-----
Shields        | 4 |  4.8
Fighting       | 4 |  4.2
Axes           | 3 |  3.4
Armour         | |  3.9

Action                   |  1- 3 |  4- 6 || total
-------------------------+-------+-------++-------
Melee: War axe           |    91 |   141 ||   232
 Abil: Dig               |     1 |     1 ||     2
  Eat: Chunk             |     1 |     7 ||     8
Armor: Scale mail        |    46 |    14 ||    60
       Chain mail        |       |    85 ||    85
Dodge: Dodged            |    24 |    50 ||    74
Block: Shield            |    48 |   107 ||   155
